 Dungeon Crawl Stone Soup version 0.31-a0-986-g5e6e4ef867 (webtiles) character file.

Game seed: 4075150687996064642

144 Xavori the Trooper (level 5, 0/40 HPs)
             Began as a Djinni Chaos Knight on Nov 5, 2023.
             Was a Plaything of Xom.
             Slain by ojifijod's ghost (4 damage)
             ... on level 3 of the Dungeon.
             The game lasted 00:02:32 (11858 turns).

Xavori the Trooper (Djinni Chaos Knight)           Turns: 11858, Time: 00:02:32

Health: 0/40       AC:  6    Str: 11      XL:     5   Next: 52%
Gold:   43         EV: 11    Int: 12      God:    Xom [.*....] SH:  0 Dex:  8 (12)

rFire   + + .        a - +0 falchion (chaos)
rCold   x . .        (no shield)
rNeg    . . .        b - +2 leather armour
rPois   ∞            (no helmet)
rElec   .            (no cloak)
rCorr   .            i - +0 pair of gloves
SInv    .            (boots unavailable)
Will    .....        (no amulet)
Stlth   +            (no ring)
HPRegen 0.26/turn    (no ring)
MPRegen 0.00/turn

%: infuse magic (-1 HP)
@: flying
A: sickness immunity, fire resistance 2, cold vulnerability 1, float, innate
caster, HP casting, extra vitality 1, clumsy 1, dopey 1, mutation resistance 1
a: Renounce Religion


You were on level 3 of the Dungeon.
You worshipped Xom.
You were a plaything of Xom.
You visited 1 branch of the dungeon, and saw 3 of its levels.

You collected 43 gold pieces.

Inventory:

Hand Weapons
 a - a +0 falchion of chaos (weapon)
Armour
 b - a +2 leather armour (worn)
 i - a +0 pair of gloves (worn)
Jewellery
 m - a ring of ice
 p - a ring of fire
Scrolls
 c - a scroll of butterflies
 d - 4 scrolls of identify {unknown}
 e - 4 scrolls of teleportation {unknown}
 g - a scroll of immolation {unknown}
 j - a scroll of fear {unknown}
 k - a scroll of silence {unknown}
 l - a scroll of brand weapon {unknown}
 o - a scroll of poison {unknown}
 q - a scroll of revelation {unknown}
Potions
 f - a potion of heal wounds {unknown}
 h - a potion of brilliance {unknown}
 n - 2 potions of lignification {unknown}
 r - a potion of curing {unknown}


   Skills:
 + Level 3.6 Fighting
 + Level 3.3 Long Blades
 + Level 2.1 Armour
 + Level 3.1 Dodging
 * Level 1.6 Spellcasting
 * Level 1.6 Conjurations
 * Level 1.6 Hexes
   Level 0.0 Charms
 * Level 1.6 Summonings
 * Level 1.6 Necromancy
 * Level 1.6 Translocations
 * Level 1.6 Transmutations
 * Level 1.6 Fire Magic
 * Level 1.6 Ice Magic
 * Level 1.6 Air Magic
 * Level 1.6 Earth Magic
 * Level 1.6 Poison Magic


You knew the following spells:

 Your Spells              Type           Power      Damage    Failure   Level
a - Freeze                Ice            16%        1d4       19%         1
b - Wereblood             Tmut           4%         N/A       28%         2
Your spell library was empty.

Dungeon Overview and Level Annotations

Branches:
Dungeon (3/15)

Altars:

Annotations:
D:3 ojifijod's ghost, amateur NaFi
Abyss:1 Crazy Yiuf


Innate Abilities, Weirdness & Mutations

You are immune to sickness and miasma.
You are immune to poison.
Your flesh is very heat resistant. (rF++)
You are vulnerable to cold. (rC-)
You float through the air rather than walking.
You learn spells naturally, not from books.
Your magical power is your life essence.
You have superior vitality. (+4 MHP)
You are clumsy. (Dex -2)
You are dopey. (Int -2)
You are somewhat resistant to further mutation.


Message History

Lightning courses through ojifijod's ghost!
Ojifijod's ghost is severely damaged.
Ojifijod's ghost hits you.
Ojifijod's ghost hits you but does no damage.
You hit ojifijod's ghost. You freeze ojifijod's ghost.
Ojifijod's ghost is almost destroyed.
Ojifijod's ghost hits you but does no damage.
You hit ojifijod's ghost but do no damage.
Ojifijod's ghost is almost destroyed.
Ojifijod's ghost barely misses you.
Ojifijod's ghost hits you but does no damage.
You barely miss ojifijod's ghost.
Ojifijod's ghost is almost destroyed.
Ojifijod's ghost hits you. Ojifijod's ghost misses you.
You hit ojifijod's ghost.
Ojifijod's ghost is almost destroyed.
Ojifijod's ghost hits you!
* * * LOW HITPOINT WARNING * * *
Ojifijod's ghost hits you but does no damage.
Unknown command.
You hit ojifijod's ghost but do no damage.
Ojifijod's ghost is almost destroyed.
Ojifijod's ghost hits you but does no damage.
You hit ojifijod's ghost but do no damage.
Nothing appears to happen.
Ojifijod's ghost is almost destroyed.
Ojifijod's ghost barely misses you. Ojifijod's ghost hits you.
* * * LOW HITPOINT WARNING * * *
You hit ojifijod's ghost but do no damage.
Ojifijod's ghost is almost destroyed.
Ojifijod's ghost closely misses you.
You closely miss ojifijod's ghost.
Ojifijod's ghost is almost destroyed.
Ojifijod's ghost hits you.
* * * LOW HITPOINT WARNING * * *
Ojifijod's ghost hits you but does no damage.
You barely miss ojifijod's ghost.
Ojifijod's ghost is almost destroyed.
Ojifijod's ghost hits you.
You die...

#####################
....................#
##..#######.......#.#############
##.............@................
#########...#W#...########.####
##...##.##...## #.#
#...##...##...# #.#
#..##.....##..######.#
#..#⌠.?♣!.⌠#.......#.#
#..##.....##..####.#.#
#...##...##...# #.#.#
##########...##⌠##...## #.#.#


You could see ojifijod's ghost (fast).

Vanquished Creatures
  3 adders
  A worm (D:3)
  3 dart slugs
  4 orcs
  4 ball pythons
  4 endoplasms
  7 giant cockroaches
  8 goblins
  4 hobgoblins
  5 jackals
  3 quokkas
  7 bats
  7 frilled lizards
  5 kobolds
  5 rats
70 creatures vanquished.

Vanquished Creatures (collateral kills)
  A ball python (D:1)
1 creature vanquished.

Vanquished Creatures (others)
  A bat zombie (D:1)
1 creature vanquished.

Grand Total: 72 creatures vanquished

Notes
Turn   | Place    | Note
-------+----------+-------------------------------------------
     0 | D:1      | Xavori the Djinni Chaos Knight began the quest for the Orb.
     0 | D:1      | Reached XP level 1. HP: 20/20 MP: 0/0
   107 | D:1      | XOM: smoke on damage
   112 | D:1      | Reached XP level 2. HP: 16/25 MP: 0/0
   151 | D:1      | XOM: divination: detect creatures
   239 | D:1      | XOM: smoke on damage
   399 | D:1      | Reached XP level 3. HP: 27/30 MP: 0/0
   399 | D:1      | Learned a level 1 spell: Freeze
  1886 | D:1      | XOM: divination: detect creatures
  2686 | D:1      | XOM is BORED!
  2793 | D:1      | XOM: silly message
  3016 | D:1      | XOM: divination: detect creatures
  3254 | D:1      | XOM: divination: detect creatures
  3851 | D:1      | XOM: cloud trail
  4959 | D:1      | XOM is BORED!
  4959 | D:1      | XOM: silly message
  5494 | D:1      | XOM: cloud trail
  5607 | D:1      | XOM: god gift: glaive {god gift}
  6352 | D:1      | XOM is BORED!
  6466 | D:1      | XOM: divination: detect creatures
  6860 | D:1      | XOM: give mutation
  6860 | D:1      | Gained mutation: You are somewhat resistant to further
                  | mutation. [Xom's grace]
  8582 | D:1      | XOM: give mutation
  8582 | D:1      | Gained mutation: You are clumsy. (Dex -2) [Xom's mischief]
  8689 | D:1      | XOM is BORED!
  8689 | D:1      | XOM: give mutations
  8689 | D:1      | Gained mutation: You are robust. (+10% HP) [Xom's mischief]
  8689 | D:1      | Gained mutation: You are dopey. (Int -2) [Xom's mischief]
  9098 | D:1      | XOM: draining
  9511 | D:1      | XOM: summons 1 hostile demon
  9563 | D:2      | XOM: confusion
  9781 | D:2      | Reached skill level 1 in Spellcasting
  9781 | D:2      | Reached skill level 1 in Conjurations
  9781 | D:2      | Reached skill level 1 in Hexes
  9781 | D:2      | Reached skill level 1 in Summonings
  9781 | D:2      | Reached skill level 1 in Necromancy
  9781 | D:2      | Reached skill level 1 in Translocations
  9781 | D:2      | Reached skill level 1 in Transmutations
  9781 | D:2      | Reached skill level 1 in Fire Magic
  9781 | D:2      | Reached skill level 1 in Ice Magic
  9781 | D:2      | Reached skill level 1 in Air Magic
  9781 | D:2      | Reached skill level 1 in Earth Magic
  9781 | D:2      | Reached skill level 1 in Poison Magic
  9948 | D:2      | Reached XP level 4. HP: 33/33 MP: 0/0
 10408 | D:2      | Identified the +4 hammer of Bagger {venom, rN+ Int+2}
 10410 | D:2      | Found a runed translucent door.
 10411 | D:2      | Noticed Crazy Yiuf
 10420 | D:2      | HP: 1/37 [Crazy Yiuf/+2 quarterstaff of chaos (11)]
 10423 | D:2      | Banished Crazy Yiuf
 10424 | D:2      | Reached XP level 5. HP: 2/44 MP: 0/0
 10424 | D:2      | Learned a level 2 spell: Wereblood
 10626 | D:2      | XOM: cloud trail
 11073 | D:3      | XOM: silly message
 11150 | D:3      | XOM: give mutation
 11150 | D:3      | Lost mutation: You are robust. (+10% HP) [Xom's mischief]
 11541 | D:3      | Noticed ojifijod's ghost (amateur NaFi)
 11546 | D:3      | Found a runed translucent door.
 11625 | D:3      | XOM: summons 3 hostile demons
 11858 | D:3      | Slain by ojifijod's ghost

Illustrated notes

Levels and vault maps discovered:
D:1:      dpeg_arrival_round_a, layout_basic, st_stairs_4, roderic_lattice_a
D:2:      layout_loops_ring, grunt_decor_one_mirror, uniq_crazy_yiuf_cottage
D:3:      layout_basic, hellmonk_ghost_happy_afterlife

Skill      XL: |  1  2  3  4 |
---------------+-------------+-----
Long Blades    | 3 |  3.3
Spellcasting   | 1 |  1.6
Conjurations   | 1 |  1.6
Hexes          | 1 |  1.6
Summonings     | 1 |  1.6
Necromancy     | 1 |  1.6
Translocations | 1 |  1.6
Transmutations | 1 |  1.6
Fire Magic     | 1 |  1.6
Ice Magic      | 1 |  1.6
Air Magic      | 1 |  1.6
Earth Magic    | 1 |  1.6
Poison Magic   | 1 |  1.6
Armour         | 2 |  2.1
Dodging        | 3 |  3.1
Fighting       | |  3.6

Action                     |  1- 3 |  4- 6 || total
---------------------------+-------+-------++-------
  Melee: Falchion          |   125 |   158 ||   283
         Punch             |     1 |     1 ||     2
   Stab: Paralysed         |       |     2 ||     2
 Armour: Leather armour    |    74 |   143 ||   217
  Dodge: Dodged            |    91 |   154 ||   245

Table legend: (Time is in decaauts)
 A = Elapsed time spent in this place.
 B = Non-inter-level travel time spent in this place.
 C = Inter-level travel time spent in this place.
 D = Time resting spent in this place.
 E = Time spent auto-exploring this place.
 F = Levels seen in this place.
 G = Mean time per level.
                   A        B        C        D        E       F      G
               +--------+--------+--------+--------+--------+-----+--------+
         Total |  11901 |  11841 |     60 |   9105 |   2150 |   3 | 3967.0 |
       Dungeon |  11901 |  11841 |     60 |   9105 |   2150 |   3 | 3967.0 |
               +--------+--------+--------+--------+--------+-----+--------+

Top non-repeatable levels by time:
     D:1: 9527 daAuts
     D:2: 1379 daAuts
     D:3: 994 daAuts
